Map: Dusk Towers

Players

MorN

  • Race: Zerg Zerg
  • League: Platinum

IIIIIIIIIIII

  • Race: Zerg Zerg
  • League: Platinum

IamDrizzt

  • Race: Zerg Zerg
  • League: Platinum

BiGBuLLY

  • Race: Zerg Zerg

VOD

Have the link to the VOD?

Description

Time

  • Played on: Nov. 9, 2015, 10:18 p.m.
  • Length: 8:36
Show
View Real Time Build Order
Export as new Build Order

MorN Zerg 

Build Orders: Pool First, Zergling Baneling 

Get SALT Encoding   

  12  0:18  Spawning Pool  
  11  0:23  Extractor  
  11  0:25  Drone  
  11  0:29  Drone  
  11  0:34  Drone  
  13  0:43  Overlord  
  13  1:06  Zergling x4  
  13  1:08  Zergling x2  
  16  1:13  Queen  
  18  1:24  Metabolic Boost  
  18  1:28  Zergling x2  
  19  1:34  Zergling x2  
  20  1:45  Baneling Nest  
  19  1:48  Zergling x2  
  20  1:55  Zergling x2  
  21  2:02  Overlord  
  21  2:16  Zergling x2  
  21  2:22  Zergling x2  
  23  2:23  Zergling x4  
  23  2:28  Zergling x2  
  24  2:32  Baneling  
  24  2:33  Baneling  
  24  2:38  Zergling x2  
  23  2:55  Zergling x2  
  21  3:01  Zergling x2  
  21  3:03  Baneling x3  
  22  3:34  Zergling x2  
  22  3:35  Overlord  
  21  3:45  Zergling x2  
  21  4:00  Zergling x6  
  24  4:06  Baneling x2  
  24  4:08  Zergling x6  
  24  4:19  Zergling x2  
  17  4:28  Drone  
  18  4:35  Drone  
  18  4:36  Drone x2  
  21  4:38  Baneling x2  
  21  4:40  Drone  
  22  4:50  Zergling x2  
  23  4:58  Roach Warren  
  22  5:05  Drone x2  
  23  5:07  Drone  
  24  5:15  Drone  
  25  5:21  Overlord  
  24  5:39  Roach  
  24  5:40  Roach x2  
  32  5:43  Roach  
  30  5:51  Roach  
  32  6:05  Roach x3  
  38  6:16  Overlord  
  38  6:32  Hatchery  
  37  6:40  Zergling x2  
  37  6:41  Zergling x4  
  37  6:43  Zergling x2  
  42  6:47  Zergling x2  
  42  6:55  Zergling x4  
  44  7:03  Queen  
  46  7:14  Overlord  
  41  7:30  Drone  
  41  7:31  Drone x2  
  44  7:39  Drone x3  
  45  7:45  Drone x2  
  47  7:53  Spine Crawler  
  46  8:00  Roach x2  
  50  8:06  Spine Crawler, Roach  
  50  8:11  Drone  
  51  8:13  Drone x2  
  50  8:20  Drone  
  50  8:21  Drone x2  
Show
View Real Time Build Order
Export as new Build Order

IIIIIIIIIIII Zerg 

Build Orders: Pool First, Zergling Baneling 

Get SALT Encoding   

  12  0:01  Drone  
  13  0:08  Drone  
  14  0:18  Drone, Extractor  
  14  0:33  Spawning Pool  
  13  0:35  Drone  
  14  0:44  Drone, Extractor  
  15  0:52  Overlord  
  15  1:19  Metabolic Boost  
  15  1:21  Queen  
  15  1:22  Zergling x2  
  15  1:25  Zergling x2  
  19  1:29  Zergling x2  
  20  1:34  Zergling x2  
  21  1:43  Baneling Nest  
  20  1:47  Zergling x2  
  21  1:56  Zergling x2  
  22  2:08  Overlord  
  22  2:28  Zergling x4  
  22  2:29  Zergling x4  
  26  2:30  Zergling x2  
  26  2:45  Zergling x2  
  26  2:53  Zergling x2  
  26  3:02  Drone x2  
  26  3:03  Drone  
  26  3:04  Baneling x4  
  29  3:16  Drone  
  30  3:26  Baneling x2  
  30  3:27  Overlord  
  29  3:36  Baneling x2  
  29  3:37  Overlord, Baneling  
  29  3:40  Drone  
  29  3:44  Roach Warren  
  29  3:45  Drone  
  29  3:49  Drone  
  29  3:52  Drone  
  30  4:08  Overlord  
  24  4:24  Hatchery  
  24  4:26  Roach  
  24  4:30  Roach  
  27  4:36  Roach  
  29  4:44  Roach  
  31  4:49  Drone x3  
  34  5:01  Drone  
  35  5:17  Roach x4  
  43  5:27  Drone  
  44  5:41  Drone x2, Queen  
  47  5:44  Drone  
  47  5:46  Drone x2  
  47  5:48  Drone  
  50  5:53  Drone  
  51  5:58  Lair  
  51  6:02  Drone x2, Extractor  
  51  6:03  Extractor  
  51  6:09  Drone  
  52  6:14  Overlord  
  52  6:17  Drone x2  
  54  6:18  Drone  
  54  6:24  Drone  
  56  6:29  Roach  
  56  6:30  Roach  
  60  6:36  Roach  
  62  6:41  Roach  
  62  6:46  Overlord  
  64  6:49  Roach  
  64  6:50  Roach  
  64  6:51  Overlord  
  64  6:53  Overlord  
  68  6:54  Overlord  
  68  6:59  Glial Reconstitution  
  68  7:04  Roach x2  
  68  7:06  Roach  
  74  7:09  Roach  
  74  7:14  Roach  
  78  7:17  Roach  
  80  7:23  Evolution Chamber  
  80  7:28  Roach x4  
  85  7:31  Drone x3  
  85  7:35  Drone  
  89  7:39  Roach  
  89  7:45  Overlord  
  89  7:50  Roach  
  91  7:54  Roach x2  
  91  7:58  Roach  
  97  8:06  Roach x3  
  107  8:21  Extractor  
Show
View Real Time Build Order
Export as new Build Order

IamDrizzt Zerg 

Build Orders:  

Get SALT Encoding   

Show
View Real Time Build Order
Export as new Build Order

BiGBuLLY Zerg 

Build Orders:  

Get SALT Encoding   

Tags
 
Add a new tag
Caveats
  • Supply blocks, unpowered buildings, or Contaminate may cause inaccurate times.
  • Supply counts are checked every 10 seconds.